 Dungeon Crawl Stone Soup version 0.31-a0-672-g7da72447bb (webtiles) character file.

Game seed: 13820153441253221262

308 pokeman the Magician (level 6, -1/34 HPs)
             Began as a Deep Elf Hedge Wizard on Sept 4, 2023.
             Slain by Crazy Yiuf
             ... wielding a +4 quarterstaff of chaos
              (15 damage)
             ... on level 3 of the Dungeon.
             The game lasted 00:04:09 (2078 turns).

pokeman the Magician (Deep Elf Hedge Wizard)        Turns: 2078, Time: 00:04:09

Health: -1/34      AC:  4    Str:  7    XL:     6   Next: 16%
Magic:  14/17      EV: 13    Int: 24    God:
Gold:   93         SH:  0    Dex: 14    Spells: 10/18 levels left

rFire   . . .        w - +2 dagger (venom)
rCold   + . .        (no shield)
rNeg    + . .        k - +0 robe of the Distant Future {Harm Int+3 SInv}
rPois   .            s - +0 helmet
rElec   .            (no cloak)
rCorr   .            (no gloves)
SInv    +            c - +0 pair of boots
Will    .....        (no amulet)
Stlth   ++           b - ring of positive energy
HPRegen 0.25/turn    v - ring of protection from cold
MPRegen 0.15/turn

%: harm (+30% outgoing, +20% incoming)
@: no status effects
A: no striking features
a: no special abilities


You were on level 3 of the Dungeon.
You visited 1 branch of the dungeon, and saw 3 of its levels.

You collected 93 gold pieces.

Inventory:

Hand Weapons
 j - a +2 sling of flaming
 w - a +2 dagger of venom (weapon)
Armour
 c - a +0 pair of boots (worn)
 k - the +0 robe of the Distant Future (worn) {Harm Int+3 SInv}
   (You found it on level 2 of the Dungeon)

   Int+3:     It affects your intelligence (+3).
   SInv:      It lets you see invisible.
   Harm:      It increases damage dealt and taken.
 s - a +0 helmet (worn)
Jewellery
 b - a ring of positive energy (left hand)
 v - a ring of protection from cold (right hand)
Wands
 l - a wand of flame (25)
Scrolls
 e - a scroll of silence {unknown}
 f - 5 scrolls of identify {unknown}
 h - a scroll of amnesia {unknown}
 m - a scroll of fog {unknown}
 n - a scroll of enchant armour {unknown}
 o - 2 scrolls of poison {unknown}
 q - a scroll of enchant weapon {unknown}
 r - a scroll of immolation {unknown}
 u - a scroll of vulnerability {unknown}
Potions
 a - 3 potions of heal wounds {unknown}
 d - 2 potions of magic
 g - a potion of curing {unknown}
 i - a potion of degeneration {unknown}
 p - 2 potions of lignification {unknown}
 t - 2 potions of enlightenment {unknown}


   Skills:
 - Level 1.0 Fighting
 - Level 1.0 Armour
 + Level 3.5 Dodging
 - Level 3.1 Stealth
 * Level 6.7 Spellcasting
 + Level 3.2 Conjurations
 - Level 1.1 Summonings
 - Level 1.1 Translocations
 + Level 1.5 Evocations


You had 10 spell levels left.
You knew the following spells:

 Your Spells              Type           Power      Damage    Failure   Level
a - Magic Dart            Conj           92%        1d7       1%          1
b - Mephitic Cloud        Conj/Pois/Air  13%        N/A       14%         3
c - Call Imp              Summ           26%        N/A       7%          2
d - Blink                 Tloc           26%        N/A       7%          2

Your spell library contained the following spells:

 Spells                   Type           Power      Damage    Failure   Level
 Slow                     Hex            32%        N/A       8%          1
 Cigotuvi's Dreadful Rot  Necr/Pois/Air  16%        N/A       11%         2


Dungeon Overview and Level Annotations

Branches:
Dungeon (3/15)

Altars:
Makhleb

Annotations:
D:3 Crazy Yiuf


Message History

You open the door.
There is an open door here.
You now have 93 gold pieces (gained 11).
Found a stone staircase leading up.
There is an open door here.
You see here a +0 club.
Things that are here:
a +0 dagger; a +0 robe; a +0 club You see here a +0 club.
There is an open door here.
Found a hammer.
Found a runed translucent door.
Crazy Yiuf shouts!
You open the door.
Casting: Mephitic Cloud (quite dangerous; 14% risk of failure)
Confirm with . or Enter, or press ? or * to list all spells.
Aiming: Mephitic Cloud (quite dangerous; 14% risk of failure)
Press: ? - help, Shift-Dir - straight line, f - Crazy Yiuf
Aim: Crazy Yiuf, wielding a +4 quarterstaff of chaos and wearing a +0 cloak (chance to affect: 86%)
The ball explodes into a vile cloud!
The stinking cloud engulfs Crazy Yiuf but does no damage.
The stinking cloud engulfs you but does no damage.
You are engulfed in noxious fumes.
You choke on the stench!
You are confused.
Crazy Yiuf is engulfed in noxious fumes.
Crazy Yiuf appears confused.
Crazy Yiuf hits you with a +4 quarterstaff of chaos.
Crazy Yiuf burns you.
Unknown command.
Unknown command.
Crazy Yiuf is engulfed in noxious fumes.
Crazy Yiuf appears confused.
Crazy Yiuf laughs.
You hit Crazy Yiuf but do no damage.
Crazy Yiuf is poisoned.
Your punch misses Crazy Yiuf.
You feel less confused.
Crazy Yiuf hits you with a +4 quarterstaff of chaos!
You hit Crazy Yiuf but do no damage.
Crazy Yiuf looks as sick as possible!
Crazy Yiuf is lightly wounded.
Crazy Yiuf hits you with a +4 quarterstaff of chaos!
You die...

######### ####
#.......# #...
###......# #...
..'......# #...
###......##♣♣♣♣♣ #...
+..[...#...♣.♣♣♣ ###
#...
#...........♣.@♣#...#
#...
###..........♣♣♣♣g'°..#
#... .........#..♣♣
♣♣#°.)# #...
.........##♣♣ ###
######... .........#
#........ .....(^..#
#........
.........#######
####........
.>.)...........###
#...........
.........#####...###
#...........


You could see Crazy Yiuf (confused, extremely poisoned).

Vanquished Creatures
  Sigmund (D:3)
  Jessica (D:3)
  Robin (D:3)
  5 adders
  3 worms
  A dart slug (D:1)
  3 ball pythons
  2 endoplasms (D:2)
  12 goblins
  6 hobgoblins
  3 jackals (D:2)
  4 quokkas
  4 bats
  3 frilled lizards
  3 kobolds
  2 rats
54 creatures vanquished.

Notes
Turn   | Place    | Note
-------+----------+-------------------------------------------
     0 | D:1      | pokeman the Deep Elf Hedge Wizard began the quest for the
                  | Orb.
     0 | D:1      | Reached XP level 1. HP: 10/10 MP: 7/7
     7 | D:1      | Noticed a swamp worm
     7 | D:1      | Noticed a black bear
     7 | D:1      | Noticed a hound
     8 | D:1      | Noticed a komodo dragon
     8 | D:1      | Noticed a scorpion
   395 | D:1      | Reached XP level 2. HP: 15/15 MP: 7/9
   627 | D:2      | Found a faded altar of an unknown god.
   728 | D:2      | Reached skill level 5 in Spellcasting
   755 | D:2      | Identified the +0 robe of the Distant Future {Harm Int+3
                  | SInv}
   846 | D:2      | Reached XP level 3. HP: 20/20 MP: 11/11
   850 | D:2      | Learned a level 3 spell: Mephitic Cloud
   853 | D:2      | Learned a level 2 spell: Call Imp
   856 | D:2      | Learned a level 2 spell: Blink
   953 | D:2      | Reached skill level 1 in Fighting
  1024 | D:2      | Reached skill level 1 in Armour
  1316 | D:2      | Identified the +0 robe of the Harvest {Slay+2}
  1385 | D:3      | Reached XP level 4. HP: 25/25 MP: 8/13
  1502 | D:3      | Noticed Jessica
  1505 | D:3      | Killed Jessica
  1508 | D:3      | Noticed Robin
  1514 | D:3      | Killed Robin
  1644 | D:3      | Reached XP level 5. HP: 29/29 MP: 15/15
  1669 | D:3      | Noticed Sigmund
  1677 | D:3      | Killed Sigmund
  1678 | D:3      | Reached skill level 6 in Spellcasting
  1678 | D:3      | Reached skill level 1 in Evocations
  1678 | D:3      | Reached XP level 6. HP: 26/34 MP: 13/17
  1885 | D:3      | Found a burning altar of Makhleb.
  2070 | D:3      | Found a runed translucent door.
  2071 | D:3      | Noticed Crazy Yiuf
  2078 | D:3      | Slain by Crazy Yiuf

Illustrated notes

Levels and vault maps discovered:
D:1:      onia_arrival_zoo_common, layout_rooms, columned_hall_lemuel
D:2:      layout_rooms, nicolae_ecumenical_pavilion
D:3:      layout_basic, lightli_temple_of_fire, uniq_sigmund,
          uniq_crazy_yiuf_cottage, uniq_robin, uniq_jessica

Skill      XL: |  1  2  3  4  5 |
---------------+----------------+-----
Spellcasting   | 5 6 |  6.7
Fighting       | 1 |  1.0
Conjurations   | 2 3 |  3.2
Armour         | 1 |  1.0
Stealth        | 3 |  3.1
Dodging        | 3 |  3.5
Evocations     | 1 |  1.5
Summonings     | |  1.1
Translocations | |  1.1

Action                     |  1- 3 |  4- 6 || total
---------------------------+-------+-------++-------
  Melee: Dagger            |     9 |     2 ||    11
   Fire: Sling             |    44 |    44 ||    88
   Cast: Magic Dart        |    31 |    15 ||    46
         Mephitic Cloud    |       |     2 ||     2
 Armour: Robe              |    23 |     7 ||    30
  Dodge: Dodged            |    25 |     4 ||    29

Table legend: (Time is in decaauts)
 A = Elapsed time spent in this place.
 B = Non-inter-level travel time spent in this place.
 C = Inter-level travel time spent in this place.
 D = Time resting spent in this place.
 E = Time spent auto-exploring this place.
 F = Levels seen in this place.
 G = Mean time per level.
                   A        B        C        D        E       F      G
               +--------+--------+--------+--------+--------+-----+--------+
         Total |   2111 |   2044 |     67 |      8 |   1658 |   3 |  703.7 |
       Dungeon |   2111 |   2044 |     67 |      8 |   1658 |   3 |  703.7 |
               +--------+--------+--------+--------+--------+-----+--------+

Top non-repeatable levels by time:
     D:3: 748 daAuts
     D:1: 697 daAuts
     D:2: 665 daAuts
